TOP OF THE 1ST |
Bakersfield Bears batting - Pitching for Salinas Fire Frogs : LHP Manny Villanueba
|
Pitching: LHP Manny Villanueba
|
|
Batting: RHB Randy Kutcher
|
0-0: Called Strike 0-1: Ground out 5-3 (Groundball, 56, EV 103.8 MPH)
|
Batting: LHB Kevin Waller
|
0-0: Ball 1-0: Ground out 4-3 (Groundball, 4, EV 77.5 MPH)
|
Batting: RHB Steve Buechele
|
0-0: Foul Ball, location: 2F 0-1: Foul Ball, location: 2F 0-2: Strikes out swinging
|
Top of the 1st over - 0 runs, 0 hits, 0 errors, 0 left on base; Bakersfield 0 - Salinas 0 |
BOTTOM OF THE 1ST |
Salinas Fire Frogs batting - Pitching for Bakersfield Bears : RHP Luis Cuevas
|
Pitching: RHP Luis Cuevas
|
|
Batting: RHB Bobby Morin
|
0-0: Foul Ball, location: 2F 0-1: Called Strike 0-2: Ball 1-2: Ball 2-2: Foul Ball, location: 2F 2-2: Ball 3-2: Ground out 6-3 (Groundball, 6, EV 108.8 MPH)
|
Batting: RHB Carlos Urias
|
0-0: Foul Ball, location: 2F 0-1: Ball 1-1: Fly out, F8 (Flyball, 78D, EV 99.4 MPH)
|
Batting: RHB Kevin Mitchell
|
0-0: Ball 1-0: Ball 2-0: Foul Ball, location: 2F 2-1: Foul Ball, location: 2F 2-2: Foul Ball, location: 2F 2-2: Ground out 5-3 (Groundball, 5L, EV 88.8 MPH)
|
Bottom of the 1st over - 0 runs, 0 hits, 0 errors, 0 left on base; Bakersfield 0 - Salinas 0 |
TOP OF THE 2ND |
Bakersfield Bears batting - Pitching for Salinas Fire Frogs : LHP Manny Villanueba
|
Batting: RHB James Oros
|
0-0: Ball 1-0: Swinging Strike 1-1: Fly out, F4 (Line Drive, 4, EV 73.1 MPH)
|
Batting: LHB Jim Eppard
|
0-0: Swinging Strike 0-1: Fly out, F8 (Line Drive, 8RM, EV 107.5 MPH)
|
Batting: RHB Trey Brooks
|
0-0: Called Strike 0-1: Ball 1-1: SOLO HOME RUN (Flyball, 7D, EV 94.4 MPH), Distance : 383 ft
|
Batting: LHB Gregory DeLaune
|
0-0: Swinging Strike 0-1: Ball 1-1: Foul Ball, location: 2F 1-2: Ball 2-2: Ball 3-2: Foul Ball, location: 2F 3-2: Fly out, F6 (Popup, 6M, EV 54.4 MPH)
|
Top of the 2nd over - 1 run, 1 hit, 0 errors, 0 left on base; Bakersfield 1 - Salinas 0 |
BOTTOM OF THE 2ND |
Salinas Fire Frogs batting - Pitching for Bakersfield Bears : RHP Luis Cuevas
|
Batting: RHB Bruce Morrison
|
0-0: Foul Ball, location: 2F 0-1: Ball 1-1: Ball 2-1: Fly out, F8 (Flyball, 8LM, EV 85.0 MPH)
|
Batting: LHB Keith Bragg
|
0-0: Called Strike 0-1: Fly out, F9 (Flyball, 9, EV 92.5 MPH)
|
Batting: LHB Daryl Pitts
|
0-0: Ball 1-0: Foul Ball, location: 2F 1-1: Fly out, F8 (Line Drive, 8LD, EV 87.5 MPH)
|
Bottom of the 2nd over - 0 runs, 0 hits, 0 errors, 0 left on base; Bakersfield 1 - Salinas 0 |
TOP OF THE 3RD |
Bakersfield Bears batting - Pitching for Salinas Fire Frogs : LHP Manny Villanueba
|
Batting: RHB Jeff Rudolph
|
0-0: Ball 1-0: Swinging Strike 1-1: Ball 2-1: Ball 3-1: Ground out 5-3 (Groundball, 5S, EV 85.6 MPH)
|
Batting: LHB Rodney Kemp
|
0-0: Ball 1-0: Ball 2-0: SINGLE (Groundball, 6S, EV 66.3 MPH) (infield hit)
|
Batting: RHB Randy Kutcher
|
0-0: Ball 1-0: 2-RUN HOME RUN (Flyball, 78XD, EV 97.5 MPH), Distance : 437 ft
|
Batting: LHB Kevin Waller
|
0-0: Called Strike 0-1: Ball 1-1: Foul Ball, location: 2F 1-2: Ball 2-2: Foul Ball, location: 2F 2-2: Strikes out looking
|
Batting: RHB Steve Buechele
|
0-0: Ball 1-0: DOUBLE (Groundball, 5L, EV 104.4 MPH)
|
Batting: RHB James Oros
|
0-0: Ball 1-0: Fly out, F8 (Flyball, 8RD, EV 81.9 MPH)
|
Top of the 3rd over - 2 runs, 3 hits, 0 errors, 1 left on base; Bakersfield 3 - Salinas 0 |
BOTTOM OF THE 3RD |
Salinas Fire Frogs batting - Pitching for Bakersfield Bears : RHP Luis Cuevas
|
Batting: LHB Charles McGehee
|
0-0: Ball 1-0: Ball 2-0: Swinging Strike 2-1: Ball 3-1: SINGLE (Groundball, 4M, EV 106.3 MPH)
|
Batting: RHB Ramon Jimenez
|
0-0: Ball 1-0: Fly out, F4 (Line Drive, 4, EV 73.1 MPH)
|
Batting: RHB Bruce Seid
|
0-0: SINGLE (Groundball, 6M, EV 106.9 MPH) (infield hit) Charles McGehee to second
|
Batting: RHB Bobby Morin
|
0-0: Foul Ball, location: 2F 0-1: Fly out, F3 (Popup, 3F, EV 65.6 MPH)
|
Batting: RHB Carlos Urias
|
0-0: Called Strike 0-1: Ball 1-1: Ball 2-1: Ball 3-1: Base on Balls Charles McGehee to third Bruce Seid to second
|
Batting: RHB Kevin Mitchell
|
0-0: Called Strike 0-1: Ball 1-1: Foul Ball, location: 2F 1-2: Fly out, F6 (Line Drive, 6, EV 75.6 MPH)
|
Bottom of the 3rd over - 0 runs, 2 hits, 0 errors, 3 left on base; Bakersfield 3 - Salinas 0 |
TOP OF THE 4TH |
Bakersfield Bears batting - Pitching for Salinas Fire Frogs : LHP Manny Villanueba
|
Batting: LHB Jim Eppard
|
0-0: Called Strike 0-1: Swinging Strike 0-2: Ball 1-2: Strikes out swinging
|
Batting: RHB Trey Brooks
|
0-0: Called Strike 0-1: Called Strike 0-2: Ball 1-2: Ground out 5-3 (Groundball, 56, EV 83.1 MPH)
|
Batting: LHB Gregory DeLaune
|
0-0: Ball 1-0: Ball 2-0: Ball 3-0: Base on Balls
|
Batting: RHB Jeff Rudolph
|
0-0: Ball 1-0: Foul Ball, location: 2F 1-1: Fly out, F8 (Flyball, 8RXD, EV 103.1 MPH)
|
Top of the 4th over - 0 runs, 0 hits, 0 errors, 1 left on base; Bakersfield 3 - Salinas 0 |
BOTTOM OF THE 4TH |
Salinas Fire Frogs batting - Pitching for Bakersfield Bears : RHP Luis Cuevas
|
Batting: RHB Bruce Morrison
|
0-0: Fly out, F3 (Line Drive, 3, EV 70.6 MPH)
|
Batting: LHB Keith Bragg
|
0-0: Called Strike 0-1: Foul Ball, location: 2F 0-2: Strikes out swinging
|
Batting: LHB Daryl Pitts
|
0-0: Ground out U3 (Groundball, 34S, EV 79.4 MPH)
|
Bottom of the 4th over - 0 runs, 0 hits, 0 errors, 0 left on base; Bakersfield 3 - Salinas 0 |
TOP OF THE 5TH |
Bakersfield Bears batting - Pitching for Salinas Fire Frogs : LHP Manny Villanueba
|
Batting: LHB Rodney Kemp
|
0-0: Ball 1-0: Foul Ball, location: 2F 1-1: Ball 2-1: Ball 3-1: Base on Balls
|
Batting: RHB Randy Kutcher
|
0-0: Fly out, F9 (Flyball, 9, EV 81.3 MPH)
|
Batting: LHB Kevin Waller
|
0-0: Called Strike 0-1: Called Strike 0-2: Ball 1-2: Ball 2-2: Ball 3-2: Base on Balls Rodney Kemp to second
|
Batting: RHB Steve Buechele
|
0-0: Ball 1-0: Ball Rodney Kemp steals 3rd base Kevin Waller to second 2-0: Called Strike 2-1: Foul Ball, location: 2F 2-2: SINGLE (Groundball, 56, EV 102.5 MPH) Rodney Kemp scores Kevin Waller to third Runner from 3rd tries for Home, SAFE, throw by LF to home Steve Buechele to second
|
Batting: RHB James Oros
|
0-0: Called Strike 0-1: Ball 1-1: Fly out, F8 (Flyball, 8RXD, EV 100.0 MPH) Runner from 2nd tags up, SAFE at 3rd, no throw by CF
|
Batting: LHB Jim Eppard
|
0-0: Called Strike 0-1: SINGLE (Line Drive, 6MD, EV 96.3 MPH) Steve Buechele scores
|
Batting: RHB Trey Brooks
|
0-0: SINGLE (Groundball, 4MD, EV 99.4 MPH) Jim Eppard to second
|
Pitching: RHP David Wong
|
|
Batting: LHB Gregory DeLaune
|
0-0: Foul Ball, location: 2F 0-1: Swinging Strike 0-2: Ball 1-2: Foul Ball, location: 2F 1-2: Reached on error, E6 (Groundball, 6, EV 85.0 MPH) Jim Eppard to third Trey Brooks to second
|
Batting: RHB Jeff Rudolph
|
0-0: GRAND SLAM HOME RUN (Flyball, 7D, EV 99.4 MPH), Distance : 391 ft
|
Batting: LHB Rodney Kemp
|
0-0: Swinging Strike 0-1: Ball 1-1: Ball 2-1: Ball 3-1: Swinging Strike 3-2: Fly out, F4 (Line Drive, 4, EV 71.3 MPH)
|
Top of the 5th over - 7 runs, 4 hits, 1 error, 0 left on base; Bakersfield 10 - Salinas 0 |
BOTTOM OF THE 5TH |
Salinas Fire Frogs batting - Pitching for Bakersfield Bears : RHP Luis Cuevas
|
Batting: LHB Charles McGehee
|
0-0: Foul Ball, location: 2F 0-1: Ball 1-1: Foul Ball, location: 2F 1-2: Ground out 6-3 (Groundball, 6M, EV 103.8 MPH)
|
Batting: RHB Ramon Jimenez
|
0-0: Swinging Strike 0-1: Ball 1-1: SINGLE (Groundball, 6MD, EV 100.6 MPH)
|
Batting: RHB Bruce Seid
|
0-0: Fly out, F9 (Flyball, 9S, EV 88.1 MPH)
|
Batting: RHB Bobby Morin
|
0-0: Ball 1-0: Foul Ball, location: 2F 1-1: Ball 2-1: Ball 3-1: Fly out, F9 (Flyball, 89D, EV 110.6 MPH)
|
Bottom of the 5th over - 0 runs, 1 hit, 0 errors, 1 left on base; Bakersfield 10 - Salinas 0 |
TOP OF THE 6TH |
Bakersfield Bears batting - Pitching for Salinas Fire Frogs : RHP David Wong
|
Batting: RHB Randy Kutcher
|
0-0: Swinging Strike 0-1: Ground out 5-3 (Groundball, 5S, EV 85.0 MPH)
|
Batting: LHB Kevin Waller
|
0-0: Fly out, F5 (Popup, 25F, EV 78.1 MPH)
|
Batting: RHB Steve Buechele
|
0-0: Ball 1-0: Foul Ball, location: 2F 1-1: Hit by Pitch
|
Batting: RHB James Oros
|
0-0: Fly out, F9 (Flyball, 89D, EV 100.6 MPH)
|
Top of the 6th over - 0 runs, 0 hits, 0 errors, 1 left on base; Bakersfield 10 - Salinas 0 |
BOTTOM OF THE 6TH |
Salinas Fire Frogs batting - Pitching for Bakersfield Bears : RHP Luis Cuevas
|
Batting: RHB Carlos Urias
|
0-0: Foul Ball, location: 2F 0-1: Fly out, F8 (Flyball, 8LD, EV 107.5 MPH)
|
Batting: RHB Kevin Mitchell
|
0-0: Ball 1-0: Foul Ball, location: 2F 1-1: Foul Ball, location: 2F 1-2: Foul Ball, location: 2F 1-2: Strikes out swinging
|
Batting: RHB Bruce Morrison
|
0-0: Called Strike 0-1: Ball 1-1: Ball 2-1: Ground out 1-3 (Groundball, 13S, EV 66.9 MPH)
|
Bottom of the 6th over - 0 runs, 0 hits, 0 errors, 0 left on base; Bakersfield 10 - Salinas 0 |
TOP OF THE 7TH |
Bakersfield Bears batting - Pitching for Salinas Fire Frogs : RHP David Wong
|
Pinch Hitting: LHB John Shoemaker
|
0-0: Foul Ball, location: 2F 0-1: Ball 1-1: Hit by Pitch
|
Batting: RHB Trey Brooks
|
0-0: SINGLE (Line Drive, 89S, EV 100.6 MPH) John Shoemaker to second
|
Pinch Hitting: RHB Jeff R Jones
|
0-0: Called Strike 0-1: Swinging Strike 0-2: Grounds into double play, 5-4-3 (Groundball, 56, EV 78.8 MPH) John Shoemaker to third
|
Batting: RHB Jeff Rudolph
|
0-0: Ground out 4-3 (Groundball, 4, EV 84.4 MPH)
|
Top of the 7th over - 0 runs, 1 hit, 0 errors, 1 left on base; Bakersfield 10 - Salinas 0 |
BOTTOM OF THE 7TH |
Salinas Fire Frogs batting - Pitching for Bakersfield Bears : RHP Luis Cuevas
|
Now at 1B: John Shoemaker
|
|
Now in CF: Jeff R Jones
|
|
Batting: LHB Keith Bragg
|
0-0: Ball 1-0: Called Strike 1-1: Foul Ball, location: 2F 1-2: Ball 2-2: Foul Ball, location: 2F 2-2: Foul Ball, location: 2F 2-2: Foul Ball, location: 2F 2-2: Foul Ball, location: 2F 2-2: Ground out U3 (Groundball, 3L, EV 84.4 MPH)
|
Pinch Hitting: RHB Alvin Moore
|
0-0: Called Strike 0-1: Ball 1-1: Ball 2-1: Ground out 5-3 (Groundball, 15, EV 83.8 MPH)
|
Batting: LHB Charles McGehee
|
0-0: Ball 1-0: Ball 2-0: Called Strike 2-1: SINGLE (Line Drive, 89S, EV 93.8 MPH)
|
Batting: RHB Ramon Jimenez
|
0-0: Ground out 4-3 (Groundball, 4, EV 85.0 MPH)
|
Bottom of the 7th over - 0 runs, 1 hit, 0 errors, 1 left on base; Bakersfield 10 - Salinas 0 |
TOP OF THE 8TH |
Bakersfield Bears batting - Pitching for Salinas Fire Frogs : RHP David Wong
|
Pitching: RHP Thomas Schneider
|
|
Now in RF: Alvin Moore
|
|
Batting: LHB Rodney Kemp
|
0-0: Called Strike 0-1: Ball 1-1: SINGLE (Groundball, 4MD, EV 100.6 MPH) (infield hit)
|
Pinch Hitting: RHB Steven Roberts
|
0-0: Called Strike 0-1: Ball 1-1: Ball 2-1: Fielders Choice at 2nd, 5-4 (Groundball, 56, EV 79.4 MPH)
|
Batting: LHB Kevin Waller
|
0-0: Ball 1-0: Ball 2-0: Foul Ball, location: 2F 2-1: Ball 3-1: Foul Ball, location: 2F 3-2: Foul Ball, location: 2F 3-2: Fly out, F3 (Popup, 23F, EV 87.5 MPH)
|
Batting: RHB Steve Buechele
|
0-0: Ball 1-0: Called Strike 1-1: Ground out 1-3 (Groundball, 13S, EV 71.3 MPH)
|
Top of the 8th over - 0 runs, 1 hit, 0 errors, 1 left on base; Bakersfield 10 - Salinas 0 |
BOTTOM OF THE 8TH |
Salinas Fire Frogs batting - Pitching for Bakersfield Bears : RHP Luis Cuevas
|
Now at SS: Jack Lopez
|
|
Batting: RHB Bruce Seid
|
0-0: Ball 1-0: Swinging Strike 1-1: Ball 2-1: Foul Ball, location: 2F 2-2: Ball 3-2: Foul Ball, location: 2F 3-2: Foul Ball, location: 2F 3-2: Foul Ball, location: 2F 3-2: Foul Ball, location: 2F 3-2: Foul Ball, location: 2F 3-2: SINGLE (Groundball, 56D, EV 103.8 MPH) (infield hit)
|
Batting: RHB Bobby Morin
|
0-0: Ball 1-0: Grounds into double play, 4-6-3 (Groundball, 4, EV 89.4 MPH)
|
Batting: RHB Carlos Urias
|
0-0: Ball 1-0: Called Strike 1-1: Swinging Strike 1-2: Strikes out looking
|
Bottom of the 8th over - 0 runs, 1 hit, 0 errors, 0 left on base; Bakersfield 10 - Salinas 0 |
TOP OF THE 9TH |
Bakersfield Bears batting - Pitching for Salinas Fire Frogs : RHP Thomas Schneider
|
Pitching: RHP John Bulleri
|
|
Batting: RHB James Oros
|
0-0: Ball 1-0: Ball 2-0: Called Strike 2-1: Ball 3-1: Base on Balls
|
Batting: LHB John Shoemaker
|
0-0: Ball 1-0: Ball 2-0: Foul Ball, location: 2F 2-1: Foul Ball, location: 2F 2-2: Ball 3-2: Strikes out swinging James Oros steals 2nd base Batter strikes out.
|
Batting: RHB Trey Brooks
|
0-0: Swinging Strike 0-1: Called Strike 0-2: Foul Ball, location: 2F 0-2: Ball 1-2: Ball 2-2: Ball 3-2: Strikes out swinging
|
Batting: RHB Jeff R Jones
|
0-0: Ball 1-0: Fly out, F9 (Flyball, 9D, EV 98.1 MPH)
|
Top of the 9th over - 0 runs, 0 hits, 0 errors, 1 left on base; Bakersfield 10 - Salinas 0 |
BOTTOM OF THE 9TH |
Salinas Fire Frogs batting - Pitching for Bakersfield Bears : RHP Luis Cuevas
|
Batting: RHB Kevin Mitchell
|
0-0: Ball 1-0: Ball 2-0: SINGLE (Groundball, 6MD, EV 101.9 MPH)
|
Batting: RHB Bruce Morrison
|
0-0: Called Strike 0-1: Ball 1-1: Called Strike 1-2: Ball 2-2: Strikes out swinging
|
Batting: LHB Keith Bragg
|
0-0: Called Strike 0-1: Ball 1-1: Foul Ball, location: 2F 1-2: Ball 2-2: Foul Ball, location: 2F 2-2: Strikes out looking
|
Batting: RHB Alvin Moore
|
0-0: Called Strike 0-1: Foul Ball, location: 2F 0-2: Strikes out swinging
|
Bottom of the 9th over - 0 runs, 1 hit, 0 errors, 1 left on base; Bakersfield 10 - Salinas 0 |
|